 Dungeon Crawl Stone Soup version 0.24-a0-290-gbb66a67 (webtiles) character file.

Game seed: 9615473743356666917

78 mopl the Insei (level 4, -3/35 HPs)
             Began as a Mummy Monk on May 8, 2019.
             Slain by Terence
             ... wielding a +3 mace
              (7 damage)
             ... on level 2 of the Dungeon.
             The game lasted 00:02:31 (2245 turns).

mopl the Insei (Mummy Monk)                         Turns: 2245, Time: 00:02:31

Health: -3/35      AC:  0    Str: 14    XL:     4   Next: 15%
Magic:  4/4        EV: 13    Int:  9    God:
Gold:   96         SH:  0    Dex: 15    Spells: 3/3 levels left

rFire    x . .     SeeInvis +     - Unarmed
rCold    + . .     Gourm    .   (no shield)
rNeg     + + +     Faith    .   (no armour)
rPois    ∞         Spirit   .   (no helmet)
rElec    .         Reflect  .   (no cloak)
rCorr    .         Harm     .   (no gloves)
MR       .....                  (no boots)
Stlth    ++........             (no amulet)
HPRegen  0.11/turn              f - ring of flight
MPRegen  0.09/turn              i - ring of see invisible

@: no status effects
A: no food or potions, fire vulnerability, cold resistance 1, negative energy
resistance 3, torment resistance, unbreathing
a: Evoke Flight


You were on level 2 of the Dungeon.
You were not hungry.

You visited 1 branch of the dungeon, and saw 2 of its levels.

You collected 96 gold pieces.

Inventory:

Jewellery
 c - an uncursed amulet of rage {unknown}
 f - a ring of flight (left hand)
 i - a ring of see invisible (right hand)
Scrolls
 a - a scroll of magic mapping {unknown}
 b - 2 scrolls of remove curse {unknown}
 d - 3 scrolls of identify {unknown}
 e - a scroll of blinking {unknown}
 g - a scroll of random uselessness {unknown}
 h - a scroll of fear {unknown}
 j - a scroll of enchant armour {unknown}
 k - a scroll of teleportation {unknown}
 l - a scroll of amnesia {unknown}


   Skills:
 - Level 3.0 Fighting
 - Level 2.4 Dodging
 - Level 1.5 Stealth
 + Level 4.1 Unarmed Combat


You had 3 spell levels left.
You didn't know any spells.
Your spell library was empty.

Dungeon Overview and Level Annotations

Branches:
Dungeon (2/15)

Altars:

Annotations:
D:2 Terence


Innate Abilities, Weirdness & Mutations

You do not eat or drink.
Your flesh is vulnerable to fire.
You are immune to poison.
Your flesh is cold resistant. (rC+)
You are immune to negative energy. (rN+++)
You are immune to unholy pain and torment.
You can survive without breathing.


Message History

Terence closely misses you.
You hit Terence but do no damage.
Terence is almost dead.
Terence barely misses you.
You hit Terence but do no damage.
Terence is severely wounded.
Terence hits you with a +3 mace!
* * * LOW HITPOINT WARNING * * *
You hit Terence but do no damage.
Terence is severely wounded.
You hit Terence but do no damage.
Terence is severely wounded.
Terence misses you.
You hit Terence.
Terence is almost dead.
Terence barely misses you.
You hit Terence but do no damage.
Terence is almost dead.
Terence hits you with a +3 mace!
You die...

### ..# ############
?#.# .....#.....##
#..( ............##
#... ...........!.#
##..# .............#
#.@# .............#
#@# .............#
#.# .............#
#.# ............##
#.# ...........## #.#
...##.###### ##.##.#
......>.#### ##..##.#
..####....!###..###.#
..# #.###.....## #.#


You could see Terence.

Vanquished Creatures
  3 adders (D:2)
  2 oozes (D:1)
  3 leopard geckos (D:1)
  2 ball pythons
  3 giant cockroaches
  4 goblins (D:1)
  4 hobgoblins (D:1)
  2 jackals (D:1)
  3 kobolds
  3 bats
  4 frilled lizards
  8 rats
41 creatures vanquished.

Notes
Turn   | Place    | Note
-------+----------+-------------------------------------------
     0 | D:1      | mopl the Mummy Monk began the quest for the Orb.
     0 | D:1      | Reached XP level 1. HP: 18/18 MP: 1/1
   472 | D:1      | Reached XP level 2. HP: 9/24 MP: 2/2
   476 | D:1      | Reached skill level 3 in Unarmed Combat
   991 | D:1      | Reached XP level 3. HP: 19/29 MP: 3/3
  1680 | D:2      | Noticed Terence
  1802 | D:2      | Reached skill level 4 in Unarmed Combat
  1833 | D:2      | Reached XP level 4. HP: 19/35 MP: 4/4
  2245 | D:2      | Slain by Terence

Levels and vault maps discovered:
D:1:      tarquinn_simple_flora_water_e, layout_loops_ring,
          minmay_indecisive_spiral
D:2:      layout_rooms, first_ration, uniq_terence

Skill      XL: |  1  2  3 |
---------------+----------+-----
Unarmed Combat | 3 4 |  4.1
Fighting       | |  3.0
Dodging        | |  2.4
Stealth        | |  1.5

Action                   |  1- 3 |  4- 6 || total
-------------------------+-------+-------++-------
Melee: Unarmed           |   135 |    29 ||   164
       Punch             |       |     1 ||     1
 Stab: Sleeping          |     7 |       ||     7
Dodge: Dodged            |    74 |    16 ||    90

Table legend:
 A = Non-vault XP
 B = Vault XP
 C = Vault XP percentage of total XP
 D = Non-vault monster count
 E = Vault monster count
 F = Vault count percentage of total count
                 A         B        C        D         E       F
            +---------+---------+-------+---------+---------+-------
      Total |      99 |      13 |  11.6 |      37 |       4 |   9.8
            +---------+---------+-------+---------+---------+-------
        D:1 |      48 |      13 |  21.3 |      25 |       4 |  13.8
        D:2 |      51 |       0 |   0.0 |      12 |       0 |   0.0
            +---------+---------+-------+---------+---------+-------
